 Dungeon Crawl Stone Soup version 0.27.1-2-g3b301248ec (webtiles) character file.

Game seed: 16431876518998606811

51 MajorAdolf the Magician (level 3, -3/32 HPs)
             Began as a Naga Wanderer on Sept 26, 2021.
             Slain by an adder (5 damage)
             ... on level 2 of the Dungeon.
             The game lasted 00:04:22 (2959 turns).

MajorAdolf the Magician (Naga Wanderer)             Turns: 2959, Time: 00:04:22

Health: -3/32      AC:  2    Str: 12    XL:     3   Next: 83%
Magic:  9/9        EV:  9    Int: 14    God:
Gold:   59         SH:  0    Dex: 11    Spells: 11/12 levels left

rFire    . . .     SeeInvis +   a - +2 dagger
rCold    . . .     Faith    .   (no shield)
rNeg     + . .     Spirit   .   d - +0 robe
rPois    +         Reflect  .   (no helmet)
rElec    .         Harm     .   (no cloak)
rCorr    .         Rampage  .   (no gloves)
Will     .....                  (no barding)
Stlth    +++.......             (no amulet)
HPRegen  0.10/turn              i - ring of positive energy
MPRegen  0.11/turn              (no ring)

@: short of breath, very slow
A: AC +1, large, see invisible, deformed body, poison resistance, slowness 2,
spit poison 1, naga tail 1
a: Spit Poison


You were on level 2 of the Dungeon.
You visited 1 branch of the dungeon, and saw 2 of its levels.

You collected 59 gold pieces.

Inventory:

Hand Weapons
 a - a +2 dagger (weapon)
Missiles
 n - a throwing net
Armour
 d - a +0 robe (worn)
Jewellery
 i - a ring of positive energy (left hand)
Scrolls
 b - a scroll of blinking
 e - 2 scrolls of enchant armour {unknown}
 h - a scroll of noise {unknown}
 j - a scroll of identify {unknown}
 l - a scroll of amnesia {unknown}
 o - a scroll of vulnerability {unknown}
 p - a scroll of fear {unknown}
Potions
 f - a potion of heal wounds {unknown}
 g - a potion of cancellation {unknown}
 k - a potion of flight {unknown}
 m - a potion of attraction {unknown}


   Skills:
 + Level 2.1 Fighting
 + Level 4.8 Stealth
 - Level 5.0 Spellcasting
 - Level 1.0 Translocations
 - Level 1.0 Transmutations
 - Level 1.0 Earth Magic


You had 11 spell levels left.
You knew the following spells:

 Your Spells              Type           Power      Damage    Failure   Level
a - Apportation           Tloc           12%        N/A       12%         1

Your spell library contained the following spells:

 Spells                   Type           Power      Damage    Failure   Level
 Lesser Beckoning         Tloc           3%         N/A       34%         3


Dungeon Overview and Level Annotations

Branches:
Dungeon (2/15)

Altars:


Innate Abilities, Weirdness & Mutations

Your serpentine skin is tough. (AC +1)
You have supernaturally acute eyesight. (SInv)
Armour fits poorly on your strangely shaped body.
Your system is resistant to poisons. (rPois)
You cover ground very slowly.
You can spit poison.
You have a snake-like lower body.


Message History

The adder bites you but does no damage.
Unknown command.
The adder bites you but does no damage.
You have got your breath back.
The adder bites you.
* * * LOW HITPOINT WARNING * * *
The adder closely misses you. The adder bites you.
* * * LOW HITPOINT WARNING * * *
Press: ? - help, Shift-Dir - straight line, f/p - adder
Aim: an adder (heavily wounded)
You fail to use your ability.
The adder bites you.
* * * LOW HITPOINT WARNING * * *
Unknown command.
You feel better. The adder bites you but does no damage. The adder bites you.
* * * LOW HITPOINT WARNING * * *
Press: ? - help, Shift-Dir - straight line, f/p - adder
Aim: an adder (heavily wounded)
The splash of poison misses the adder.
The adder barely misses you.
Unknown command.
The adder barely misses you. The adder bites you.
* * * LOW HITPOINT WARNING * * *
You have got your breath back.
The adder barely misses you.
Press: ? - help, Shift-Dir - straight line, f/p - adder
Aim: an adder (heavily wounded)
The splash of poison misses the adder.
The adder bites you.
* * * LOW HITPOINT WARNING * * *
Unknown command.
The adder bites you.
* * * LOW HITPOINT WARNING * * *
You have got your breath back.
The adder bites you.
* * * LOW HITPOINT WARNING * * *
Press: ? - help, Shift-Dir - straight line, f/p - adder
Aim: an adder (heavily wounded)
The splash of poison misses the adder.
The adder bites you.
You die...

#.############# #†#
##########.# #.......##.#
##### #.#####.##.# #....
#.#####.##.# #.###
#.##.......# #.# #
#.##.##S#### #.# #
#.##.##@# ##)##
###.......###########...##
#.........................
#.####.##############...##
#.# #.# ##.## #.#
#........ #.# #.#
#######.... ..# #.# ...#
#### #.# ####..#


You could see an adder.

Vanquished Creatures
  An adder (D:2)
  A dart slug (D:2)
  5 ball pythons
  3 endoplasms
  3 giant cockroaches
  4 goblins
  4 hobgoblins
  4 quokkas
  7 bats
  3 kobolds
  A rat (D:2)
36 creatures vanquished.

Notes
Turn   | Place    | Note
-------+----------+-------------------------------------------
     0 | D:1      | MajorAdolf the Naga Wanderer began the quest for the Orb.
     0 | D:1      | MajorAdolf set off with the following items: a +2 dagger, a
                  | scroll of blinking, a potion of curing, a +0 robe; and the
                  | following spell memorised: Apportation; and the following
                  | spells available to memorise: Lesser Beckoning
     0 | D:1      | Reached XP level 1. HP: 15/15 MP: 6/6
   253 | D:1      | Reached XP level 2. HP: 24/24 MP: 8/8
   568 | D:1      | Reached skill level 1 in Fighting
  1572 | D:2      | Reached XP level 3. HP: 25/31 MP: 9/9
  2363 | D:2      | Found a faded altar of an unknown god.
  2959 | D:2      | Slain by an adder

Illustrated notes

Levels and vault maps discovered:
D:1:      amcnicky_arrival_choice, layout_basic
D:2:      layout_loops_ring, basic_ecumenical_altar

Skill      XL: |  1  2  3 |
---------------+----------+-----
Fighting       | 1 2 |  2.1
Stealth        | 4 |  4.8
Spellcasting   | |  5.0
Translocations | |  1.0
Transmutations | |  1.0
Earth Magic    | |  1.0

Action                   || total
-------------------------++-------
Melee: Dagger            ||    37
 Cast: Apportation       ||     9
 Abil: Spit Poison       ||    52
  Use: Potion            ||     1
Armor: Robe              ||    10
Dodge: Dodged            ||    37
